 Dungeon Crawl Stone Soup version 0.26-a0-812-g31a745ddcd (webtiles) character file.

Game seed: 2411996521098782194

9321 kae the Cleaver (level 11, -8/99 HPs)
             Began as a Hill Orc Abyssal Knight on Dec 10, 2020.
             Was a Priest of Lugonu.
             Mangled by a seven-headed hydra (11 damage)
             ... on level 11 of the Dungeon.
             The game lasted 00:10:27 (16709 turns).

kae the Cleaver (Hill Orc Abyssal Knight)          Turns: 16709, Time: 00:10:28

Health: -8/99      AC: 11    Str: 19    XL:     11   Next: 44%
Magic:  0/18       EV:  9    Int: 12    God:    Lugonu [***...]
Gold:   724        SH:  4    Dex: 10    Spells: 10/10 levels left

rFire    . . .     SeeInvis .   t - +0 war axe
rCold    . . .     Faith    .   A - +0 buckler
rNeg     . . .     Spirit   +   k - +1 scale mail
rPois    .         Reflect  .   f - +2 hat
rElec    .         Harm     .   (no cloak)
rCorr    .         Rampage  .   (no gloves)
MR       .....                  (no boots)
Stlth    ..........             s - amulet of guardian spirit
HPRegen  0.26/turn              (no ring)
MPRegen  0.16/turn              (no ring)

@: no status effects
A: no striking features
a: Depart the Abyss, Bend Space, Banish, Renounce Religion


You were on level 11 of the Dungeon.
You worshipped Lugonu.
Lugonu was most pleased with you.
You visited 1 branch of the dungeon, and saw 11 of its levels.
You visited the Abyss 1 time.

You collected 724 gold pieces.

Inventory:

Hand Weapons
 a - a +2 hand axe
 t - a +0 war axe (weapon)
Armour
 b - a +0 leather armour
 f - a +2 hat (worn)
 k - a +1 scale mail (worn)
 A - a +0 buckler (worn)
Jewellery
 c - an uncursed ring of resist corrosion {unknown}
 s - an amulet of guardian spirit (around neck)
Wands
 m - a wand of enslavement (11)
 x - a wand of acid (8)
Scrolls
 e - 4 scrolls of remove curse
 i - 2 scrolls of teleportation
 j - 3 scrolls of amnesia
 n - 3 scrolls of enchant armour
 p - 5 scrolls of fog
 q - a scroll of magic mapping
 v - a scroll of identify
 y - a scroll of enchant weapon
Potions
 d - 3 potions of flight
 g - a potion of attraction
 h - 2 potions of mutation
 l - 3 potions of curing
 o - 2 potions of lignification
 r - 2 potions of magic {unknown}
 u - a potion of invisibility {unknown}
 z - a potion of resistance {unknown}


   Skills:
 + Level 10.0 Fighting
 * Level 14.0 Axes
 + Level 8.9 Armour
 - Level 0.7 Dodging
 + Level 2.0 Shields
 + Level 10.4 Invocations


You had 10 spell levels left.
You didn't know any spells.
Your spell library contained the following spells:

 Spells                   Type           Power        Failure   Level
 Magic Dart               Conj           #...         71%         1
 Blink                    Tloc           N/A          85%         2
 Call Imp                 Summ           #.......     85%         2
 Slow                     Hex            #.......     85%         2
 Confusing Touch          Hex            #.......     97%         3
 Conjure Flame            Conj/Fire      #.......     97%         3
 Gell's Gravitas          Tloc           #.........   97%         3
 Mephitic Cloud           Conj/Pois/Air  #.......     97%         3
 Petrify                  Tmut/Erth      #.......     100%        4
 Metabolic Englaciation   Hex/Ice        #.........   100%        5
 Yara's Violent Unravell  Hex/Tmut       #.........   100%        5


Dungeon Overview and Level Annotations

Branches:
Dungeon (11/15)            Temple (0/1) D:4            Lair (0/6) D:8
    Orc: D:9-12

Altars:
Ashenzari
Dithmenos
Elyvilon
Gozag
Hepliaklqana
Okawaru
Qazlal
Ru
Trog
The Shining One

Shops:
D:10 (

Annotations:
D:3 2 transporters, Fjolswid's ghost, amateur MiBe
D:11 3 runed translucent doors, Lanoc's ghost, journeyman NaVM


Message History

The six-headed hydra bites you. x2
* * * LOW HITPOINT WARNING * * *
The six-headed hydra bites you!
* * * LOW HITPOINT WARNING * * *
The six-headed hydra bites you.
* * * LOW HITPOINT WARNING * * *
The six-headed hydra bites you.
* * * LOW HITPOINT WARNING * * *
You hit the orc warrior but do no damage.
The orc warrior is almost dead.
You slice one of the six-headed hydra's heads off!
The five-headed hydra grows two more!
You hit the seven-headed hydra. You block the orc warrior's attack.
The phantom blinks!
The seven-headed hydra bites you!
* * * LOW HITPOINT WARNING * * *
The seven-headed hydra bites you but does no damage.
You block the seven-headed hydra's attack.
The seven-headed hydra bites you but does no damage.
The seven-headed hydra bites you!
You die...

#.#..................,,,,,,,,,,*,
#.#.....####*.....o..,,,,,,,,,,,,
#.#.....######.......***'***,,,,,
#.######.....#...D..,*,,,,,*,,,,,
*,**,,,#..##.#....,,,*,,,*,*,,,,,
*,**,,,#..##.##'######.,,*,******
,,**,,,#..##...o.......,,*,,,,,,,
****,,,#......WD#####,,,,,,,,,,,,
****,,,###.#####@#* *,*+***,,,,,,
,,,,,,,...##..!##o# *,*,,,*,,,,,,
,,,,,,....#....J#.# *,+,,,*,,,,,,
,,,,,,....#.....#.#**,*,,,*,,,,,,
*,**,,###.#.....#..,,,***,,,,,,,,
*,**,*#.###+...##..#****,,,,,,,,,
,,,,,*,(h+.#####.###,,,,,,,,,,**,
,,,,,**,**#+##..## *,,,,,,∩,,,**,
,,,,,,*****,,**,** *,,,,,,,,,,**,


You could see a seven-headed hydra, a phantom, 2 orc warriors and a jelly.

Vanquished Creatures
  Gastronok (D:9)
  Pikel (D:8)
  A komodo dragon (D:8)
  An efreet (D:9)
  A wyvern (D:8)
  Menkaure (D:6)
  7 sky beasts
  3 centaurs
  4 ogres
  A lemure (D:8)
  11 big kobolds
  6 bullfrogs
  A gnoll sergeant (D:9)
  4 scorpions
  14 killer bees
  5 wights (D:6)
  A bullfrog zombie (D:11)
  3 jellies (D:8)
  2 quasits (D:9)
  3 hounds
  11 orc wizards
  A centaur skeleton (D:5)
  A bullfrog skeleton (D:6)
  6 orc priests
  6 worker ants
  A worker ant zombie (D:8)
  7 adders
  10 gnolls
  A howler monkey skeleton (D:5)
  2 shadow imps
  4 white imps
  2 ufetubi
  An adder zombie (D:5)
  An adder skeleton (D:7)
  2 worms
  3 dart slugs
  3 leopard geckos
  37 orcs
  5 giant cockroaches
  10 goblins
  6 hobgoblins
  3 jackals (D:8)
  44 kobolds
  6 quokkas
  9 bats
  5 frilled lizards
  A quokka zombie (D:5)
  14 rats
273 creatures vanquished.

Vanquished Creatures (others)
  4 plants (D:8)
4 creatures vanquished.

Grand Total: 277 creatures vanquished

Notes
Turn   | Place    | Note
-------+----------+-------------------------------------------
     0 | Abyss:1  | kae the Hill Orc Abyssal Knight began the quest for the
                  | Orb.
     0 | Abyss:1  | Reached XP level 1. HP: 19/19 MP: 2/2
    87 | Abyss:1  | Noticed an ice devil
   104 | Abyss:1  | Noticed a wretched star
   105 | D:1      | Escaped the Abyss
   369 | D:1      | Reached * piety under Lugonu
   369 | D:1      | Reached skill level 3 in Axes
   437 | D:1      | Reached XP level 2. HP: 27/27 MP: 3/3
  1165 | D:2      | Found a sacrificial altar of Ru.
  1167 | D:2      | Found a stormy altar of Qazlal.
  1167 | D:2      | Found a broken altar of Ashenzari.
  1177 | D:2      | Found a hazy altar of Hepliaklqana.
  1186 | D:2      | Reached XP level 3. HP: 21/33 MP: 5/5
  1927 | D:2      | Reached skill level 4 in Axes
  2183 | D:3      | Found a transporter.
  2185 | D:3      | Noticed Fjolswid's ghost (amateur MiBe)
  2203 | D:3      | Found a transporter.
  2207 | D:3      | Noticed a necrophage
  2237 | D:3      | Reached XP level 4. HP: 40/40 MP: 6/6
  2459 | D:3      | Reached ** piety under Lugonu
  2779 | D:3      | Noticed a moth of wrath
  2782 | D:3      | Found a bloodstained altar of Trog.
  3285 | D:4      | Found a staircase to the Ecumenical Temple.
  3336 | D:4      | Reached XP level 5. HP: 16/47 MP: 7/7
  3360 | D:4      | HP: 2/47 [poisoned by an orc wizard]
  3368 | D:4      | HP: 1/47 [poisoned by an orc wizard]
  4046 | D:4      | Reached skill level 5 in Axes
  4217 | D:4      | Found a white marble altar of Elyvilon.
  5012 | D:4      | Noticed a big kobold
  5036 | D:4      | Killed a big kobold
  5036 | D:4      | Reached XP level 6. HP: 27/55 MP: 9/9
  5215 | D:4      | Reached skill level 5 in Fighting
  5215 | D:4      | Reached skill level 6 in Axes
  5266 | D:4      | Reached XP level 7. HP: 44/61 MP: 10/10
  5380 | D:4      | Reached skill level 7 in Axes
  5380 | D:4      | Reached skill level 5 in Invocations
  5594 | D:4      | Reached *** piety under Lugonu
  5599 | D:4      | Reached XP level 8. HP: 61/70 MP: 12/12
  5658 | D:4      | Reached skill level 8 in Axes
  5890 | D:5      | Entered Level 5 of the Dungeon
  5994 | D:5      | Reached skill level 5 in Armour
  7687 | D:5      | Reached **** piety under Lugonu
  7687 | D:5      | Reached skill level 9 in Axes
  8201 | D:6      | Reached XP level 9. HP: 32/78 MP: 14/14
  8770 | D:6      | Reached skill level 10 in Axes
  8917 | D:6      | Noticed Menkaure
  8955 | D:5      | HP: 5/118 [poisoned by a killer bee]
  8963 | D:5      | HP: 5/118 [poisoned by a killer bee]
  8971 | D:5      | HP: 5/118 [poisoned by a killer bee]
  9606 | D:6      | Killed Menkaure
 10210 | D:6      | Reached skill level 11 in Axes
 11236 | D:8      | Noticed Pikel
 11263 | D:8      | Killed Pikel
 11263 | D:8      | Reached XP level 10. HP: 78/90 MP: 12/16
 11892 | D:8      | Reached skill level 12 in Axes
 11928 | D:8      | Found a shadowy altar of Dithmenos.
 12206 | D:8      | Found a staircase to the Lair.
 13224 | D:9      | Noticed Gastronok
 13242 | D:9      | Killed Gastronok
 13242 | D:9      | Reached skill level 13 in Axes
 13587 | D:9      | Reached ***** piety under Lugonu
 13989 | D:9      | Found a faded altar of an unknown god.
 13989 | D:9      | Found a faded altar of an unknown god.
 13994 | D:9      | Found an opulent altar of Gozag.
 13996 | D:9      | Found a glowing golden altar of the Shining One.
 13998 | D:9      | Found an iron altar of Okawaru.
 14036 | D:9      | Reached XP level 11. HP: 42/97 MP: 10/18
 14646 | D:10     | Entered Level 10 of the Dungeon
 15561 | D:10     | Reached skill level 10 in Invocations
 15743 | D:10     | Found Eryxoga's Weapon Emporium.
 15970 | D:11     | Found a runed translucent gate.
 15970 | D:11     | Found a runed translucent gate.
 15970 | D:11     | Found a runed translucent gate.
 15970 | D:11     | Noticed an ettin
 15971 | D:11     | Noticed a two-headed ogre
 16004 | D:11     | Noticed a seven-headed hydra
 16077 | D:11     | Noticed a white ugly thing
 16082 | D:11     | Banished a white ugly thing
 16104 | D:11     | Noticed a boulder beetle
 16114 | D:11     | Reached skill level 1 in Shields
 16115 | D:11     | Banished a boulder beetle
 16123 | D:11     | Noticed a skeletal warrior
 16124 | D:11     | Noticed a skeletal warrior
 16125 | D:11     | Noticed a skeletal warrior
 16166 | D:11     | Noticed Lanoc's ghost (journeyman NaVM)
 16478 | D:11     | Noticed a white ugly thing
 16546 | D:11     | Banished a seven-headed hydra
 16546 | D:11     | Reached skill level 10 in Fighting
 16546 | D:11     | Reached skill level 14 in Axes
 16697 | D:11     | Identified the +11 rapier "Aceluv" {flame, Stlth+}
 16697 | D:11     | Identified the ring of Bupikk {+Inv Str+2 Int+6 Dex-3}
 16699 | D:11     | Noticed a six-headed hydra
 16709 | D:11     | HP: 3/99 [seven-headed hydra (10)]
 16709 | D:11     | Mangled by a seven-headed hydra

Illustrated notes

Levels and vault maps discovered:
D:1:      roderic_chinese_lattice_arrival, layout_basic
D:2:      layout_basic, grunt_temple_overflow_open, minmay_hedge_maze
D:3:      layout_basic, tgw_trog, gammafunk_ghost_mausoleum
D:4:      minmay_goblin_kobold_castle, layout_basic, lemuel_round_altar,
          minmay_temple_entry_sparse_star, serial_glass, glass_columns_b,
          glass_columns_a
D:5:      layout_gridville, serial_glass, glass_columns_a, glass_columns_c
D:6:      layout_rooms, uniq_menkaure
D:7:      layout_rooms
D:8:      layout_loops_ring, david_lair_shrubbed, basic_altar, uniq_pikel
D:9:      layout_roguey, chequers_temple_overflow_minitemple, uniq_gastronok
D:10:     layout_roguey, serial_shops, nicolae_shop_behind_doors
D:11:     minmay_the_grid_triangle_9x9_rhombus_full_mashed
          [minmay_the_grid_triangle_9x9_windchime,
          minmay_the_grid_triangle_9x9_thin_v,
          minmay_the_grid_triangle_9x9_corrupted_corridor,
          minmay_the_grid_triangle_9x9_corruption,
          minmay_the_grid_triangle_9x9_odd_lines,
          minmay_the_grid_triangle_9x9_minimal,
          minmay_the_grid_triangle_9x9_longest,
          minmay_the_grid_triangle_9x9_prize_insulated], layout_stronghold,
          portal_ice_cave_entry_ice_beasts, gammafunk_ghost_split,
          minmay_joined_circles, uniq_sonja

Skill      XL: |  1  2  3  4  5  6  7  8  9 10 11 |
---------------+----------------------------------+-----
Axes           | 3 4 5 6 7 9 11 13 14 | 14.0
Fighting       | 4 5 6 8 9 10 | 10.0
Invocations    | 3 4 5 6 8 9 10 | 10.4
Armour         | 3 4 5 7 8 |  8.9
Shields        | 2 |  2.0
Dodging        | |  0.7

Action                   |  1- 3 |  4- 6 |  7- 9 | 10-12 || total
-------------------------+-------+-------+-------+-------++-------
Melee: Hand axe          |   139 |   200 |   552 |    50 ||   941
       War axe           |       |       |       |   353 ||   353
Invok: Depart the Abyss  |     1 |       |       |       ||     1
       Banish            |       |       |       |     7 ||     7
  Use: Scroll            |     8 |     7 |     5 |     7 ||    27
       Potion            |       |     1 |     5 |     6 ||    12
Armor: Leather armour    |    44 |    21 |       |       ||    65
       Scale mail        |       |    38 |   224 |   217 ||   479
       Skin              |       |       |    16 |    18 ||    34
Dodge: Dodged            |    89 |   105 |   205 |   222 ||   621
Block: Buckler           |       |       |       |    14 ||    14

Table legend: (Time is in decaauts)
 A = Elapsed time spent in this place.
 B = Non-inter-level travel time spent in this place.
 C = Inter-level travel time spent in this place.
 D = Time resting spent in this place.
 E = Time spent auto-exploring this place.
 F = Levels seen in this place.
 G = Mean time per level.
                   A        B        C        D        E       F      G
               +--------+--------+--------+--------+--------+-----+--------+
         Total |  16610 |  16164 |    446 |   3807 |  10177 |  12 | 1384.2 |
       Dungeon |  16505 |  16059 |    446 |   3807 |  10083 |  11 | 1500.5 |
         Abyss |    105 |    105 |      0 |      0 |     94 |   1 |  105.0 |
               +--------+--------+--------+--------+--------+-----+--------+

Top non-repeatable levels by time:
     D:5: 2445 daAuts
     D:4: 2290 daAuts
     D:9: 2204 daAuts
     D:6: 2063 daAuts
     D:8: 1791 daAuts
     D:3: 1464 daAuts
     D:2: 1079 daAuts
    D:10: 1004 daAuts
     D:1: 986 daAuts
     D:7: 758 daAuts
    D:11: 417 daAuts
 Abyss:1: 105 daAuts
